 Dungeon Sprint DCSS version 0.31-a0-876-gfe8ebadbca (webtiles) character file.

Game seed: 6952690239338925265

1451 sircluck the Grappler (level 8, -5/102 HPs)
             Began as a Troll Berserker on Oct 13, 2023.
             Was a High Priest of Trog.
             Slain by a two-headed ogre
             ... wielding a +0 great mace
              (24 damage)
             ... in the Dungeon (Sprint III: "The Ten Rune Challenge").
             The game lasted 00:01:19 (428 turns).

sircluck the Grappler (Troll Berserker)              Turns: 428, Time: 00:01:20

Health: -5/102     AC:  5    Str: 28    XL:     8   Next: 47%
Magic:  7/7        EV: 12    Int:  3    God:    Trog [*****.]
Gold:   46         SH:  0    Dex:  9    Spells: 7/7 levels left

rFire   . .          .
                       - Unarmed
rCold   . . .        (no shield)
rNeg    . . .        a - +0 animal skin
rPois   .            (helmet restricted)
rElec   .            h - +0 cloak
rCorr   .            (gloves unavailable)
SInv    +            (boots unavailable)
Will    +....        (no amulet)
Stlth   +            (no ring)
HPRegen 1.17/turn    (no ring)
MPRegen 0.10/turn

%: no teleportation
@: no status effects
A: large, unfitting armour, claws 3, regeneration 1, shaggy fur 1, tough skin 1,
see invisible, strong-willed 1, mutation resistance 1, robust 1
a: Renounce Religion, Berserk, Trog's Hand, Brothers in Arms


You were in the Dungeon.
You worshipped Trog.
Trog was extremely pleased with you.
You visited 1 branch You collected 46 gold pieces.

Inventory:

Armour
 a - a +0 animal skin (worn)
 h - a +0 cloak (worn)
Wands
 i - a wand of flame (27)
Scrolls
 g - a scroll of blinking
 j - a scroll of torment {unknown}
 k - a scroll of identify {unknown}
 m - a scroll of immolation {unknown}
 n - a scroll of vulnerability {unknown}
Potions
 b - a potion of curing
 c - 3 potions of heal wounds
 d - 3 potions of haste
 e - 2 potions of magic
 f - a potion of berserk rage
 l - a potion of invisibility {unknown}
 o - a potion of enlightenment {unknown}


   Skills:
 + Level 9.7 Fighting
 + Level 9.6 Dodging
 + Level 11.4 Unarmed Combat


You had 7 spell levels left.
You didn't know any spells.
Your spell library was empty.

Dungeon Overview and Level Annotations

Branches:
Dungeon (1/1)

Altars:
Cheibriados
Dithmenos
Elyvilon
Fedhas
Gozag
Hepliaklqana
Kikubaaqudgha
Makhleb
Nemelex Xobeh
Okawaru
Qazlal
Ru
Sif Muna
Trog
Uskayaw
Vehumet
Wu Jian
Xom
Yredelemnul
Zin
The Shining One
Jiyva
Lugonu


Innate Abilities, Weirdness & Mutations

You are too large for most types of armour.
You have claws for hands.
Your natural rate of healing is unusually fast.
You are covered in fur. (AC +1)
You have tough skin. (AC +1)
You have supernaturally acute eyesight. (SInv)
You are strong-willed. (Will+)
You are somewhat resistant to further mutation.
You are robust. (+10% HP)


Message History

You scratch the two-headed ogre.
The two-headed ogre is lightly wounded.
The two-headed ogre hits you with a +0 great mace.
The two-headed ogre hits you with a +0 giant spiked club!
You claw the two-headed ogre!
The two-headed ogre is moderately wounded.
You mangle the two-headed ogre!!
The two-headed ogre is severely wounded.
The two-headed ogre hits you with a +0 great mace!!
The two-headed ogre misses you.
You closely miss the two-headed ogre.
The two-headed ogre is severely wounded.
You scratch the two-headed ogre but do no damage.
The two-headed ogre is severely wounded.
The two-headed ogre hits you with a +0 great mace!!
The two-headed ogre hits you with a +0 giant spiked club!!
* * * LOW HITPOINT WARNING * * *
You are too injured to fight recklessly!
You are too injured to fight recklessly!
You are too injured to fight recklessly!
You are too injured to fight recklessly!
You are too injured to fight recklessly!
You are too injured to fight recklessly!
You are too injured to fight recklessly!
You are too injured to fight recklessly!
You are too injured to fight recklessly!
You are too injured to fight recklessly!
You scratch the two-headed ogre.
The two-headed ogre is severely wounded.
You claw the two-headed ogre!
The two-headed ogre is severely wounded.
The two-headed ogre hits you with a +0 great mace!
* * * LOW HITPOINT WARNING * * *
The two-headed ogre closely misses you.
You claw the two-headed ogre!
The two-headed ogre is almost dead.
You scratch the two-headed ogre.
The two-headed ogre is almost dead.
The two-headed ogre hits you with a +0 great mace!!
You die...

#)###)## .......#
.......# ######'#
#__#...#+###########
#__#...#....#.#.#..
#__#...##.#..#.##.#
#__#...'##.#.#.##O#
#__'...#)).#..#.@#
▓▓▓▓▓▓▓▓▓▓▓▓▓▓▓▓▓▓


You could see a two-headed ogre.

Vanquished Creatures
  A deep elf pyromancer (D)
  A shadow (D)
  A spatial vortex (D)
  3 two-headed ogres (D)
  A necrophage (D)
  A water elemental (D)
  A jelly (D)
  Crazy Yiuf (D)
  Jessica (D)
  A wizard (D)
  A necromancer (D)
  3 humans (D)
  A kobold demonologist (D)
  2 endoplasms (D)
19 creatures vanquished.

Notes
Turn   | Place    | Note
-------+----------+-------------------------------------------
     0 | D        | sircluck the Troll Berserker began the quest for the Orb.
     0 | D        | Reached XP level 1. HP: 22/22 MP: 0/0
    10 | D        | Noticed Jessica
    13 | D        | Killed Jessica
    13 | D        | Reached ** piety under Trog
    14 | D        | Reached skill level 4 in Unarmed Combat
    14 | D        | Reached XP level 2. HP: 32/32 MP: 1/1
    14 | D        | Reached XP level 3. HP: 39/39 MP: 2/2
    52 | D        | Noticed Crazy Yiuf
    60 | D        | Killed Crazy Yiuf
    61 | D        | Reached skill level 5 in Unarmed Combat
    61 | D        | Reached XP level 4. HP: 28/49 MP: 3/3
    98 | D        | Gained mutation: Your magical capacity is low. (-10% MP)
                  | [potion of mutation]
    98 | D        | Gained mutation: You have a somewhat thin skeletal
                  | structure. (Dex +2, Stealth+) [potion of mutation]
    99 | D        | Lost mutation: Your magical capacity is low. (-10% MP)
                  | [potion of mutation]
    99 | D        | Lost mutation: You have a somewhat thin skeletal structure.
                  | (Dex +2, Stealth+) [potion of mutation]
    99 | D        | Gained mutation: You expend magic power (3 MP) to
                  | strengthen your wands. [potion of mutation]
    99 | D        | Gained mutation: Your mind is acute. (Int +4, Str/Dex -1)
                  | [potion of mutation]
    99 | D        | Gained mutation: You have large cloven feet. [potion of
                  | mutation]
   100 | D        | Lost mutation: Your mind is acute. (Int +4, Str/Dex -1)
                  | [potion of mutation]
   100 | D        | Lost mutation: You have large cloven feet. [potion of
                  | mutation]
   100 | D        | Gained mutation: You have supernaturally acute eyesight.
                  | (SInv) [potion of mutation]
   100 | D        | Gained mutation: You are robust. (+10% HP) [potion of
                  | mutation]
   100 | D        | Gained mutation: Your body sometimes deteriorates upon
                  | taking damage. [potion of mutation]
   100 | D        | Gained mutation: You are somewhat resistant to further
                  | mutation. [potion of mutation]
   101 | D        | Lost mutation: Your body sometimes deteriorates upon taking
                  | damage. [potion of mutation]
   101 | D        | Lost mutation: You expend magic power (3 MP) to strengthen
                  | your wands. [potion of mutation]
   101 | D        | Gained mutation: You are strong-willed. (Will+) [potion of
                  | mutation]
   127 | D        | Noticed a water elemental
   136 | D        | Killed a water elemental
   136 | D        | Reached *** piety under Trog
   137 | D        | Reached skill level 5 in Fighting
   137 | D        | Reached skill level 5 in Dodging
   137 | D        | Reached skill level 6 in Unarmed Combat
   137 | D        | Reached XP level 5. HP: 30/62 MP: 4/4
   186 | D        | Found a glowing silver altar of Zin.
   186 | D        | Found a glowing golden altar of the Shining One.
   186 | D        | Found a white marble altar of Elyvilon.
   187 | D        | Noticed a deep elf pyromancer
   191 | D        | Killed a deep elf pyromancer
   192 | D        | Reached skill level 9 in Unarmed Combat
   192 | D        | Reached XP level 6. HP: 79/79 MP: 5/5
   192 | D        | Reached XP level 7. HP: 86/86 MP: 6/6
   204 | D        | Found a radiant altar of Vehumet.
   205 | D        | Found a shimmering blue altar of Sif Muna.
   205 | D        | Found an ancient bone altar of Kikubaaqudgha.
   212 | D        | Reached **** piety under Trog
   223 | D        | Found a hide-covered altar of Uskayaw.
   223 | D        | Found an iron altar of Okawaru.
   223 | D        | Found a bloodstained altar of Trog.
   223 | D        | Found an ornate altar of the Wu Jian Council.
   223 | D        | Noticed a human
   224 | D        | Noticed a human
   231 | D        | Killed a human
   232 | D        | Reached skill level 10 in Unarmed Combat
   233 | D        | Killed a human
   285 | D        | Found a basalt altar of Yredelemnul.
   285 | D        | Found a shadowy altar of Dithmenos.
   285 | D        | Found a sacrificial altar of Ru.
   288 | D        | Reached ***** piety under Trog
   322 | D        | Noticed a shadow
   325 | D        | Killed a shadow
   326 | D        | Reached XP level 8. HP: 91/101 MP: 7/7
   335 | D        | Found a blossoming altar of Fedhas.
   335 | D        | Found a stormy altar of Qazlal.
   335 | D        | Found a snail-covered altar of Cheibriados.
   335 | D        | Found a burning altar of Makhleb.
   335 | D        | Found a shimmering altar of Xom.
   336 | D        | Found a hazy altar of Hepliaklqana.
   336 | D        | Found an opulent altar of Gozag.
   336 | D        | Found a sparkling altar of Nemelex Xobeh.
   336 | D        | Found a corrupted altar of Lugonu.
   336 | D        | Found a viscous altar of Jiyva.
   347 | D        | Reached skill level 11 in Unarmed Combat
   368 | D        | Received a gift from Trog
   418 | D        | Noticed a two-headed ogre
   428 | D        | Slain by a two-headed ogre

Illustrated notes

Levels and vault maps discovered:
D:        dungeon_sprint_mu [sprint_mu_entry_forest, sprint_mu_temple_rooms,
          sprint_mu_d1_spiders, sprint_mu_d2_genie, sprint_mu_d3_branching,
          sprint_mu_orc_legion, sprint_mu_elf_gauntlet, sprint_mu_hive_nellie,
          sprint_mu_lair_fedhas, sprint_mu_vaults_butterflies,
          sprint_mu_slime_circle, sprint_mu_swamp_cave, sprint_mu_snake_twists,
          sprint_mu_blade_basic, sprint_mu_crypt_chambers,
          sprint_mu_tomb_spiral, sprint_mu_vestibule_basic,
          sprint_mu_gehenna_hellfire, sprint_mu_dis_giant,
          sprint_mu_tartarus_statrot, sprint_mu_cocytus_islands, sprint_mu_zot1]

Skill      XL: |  1  2  3  4  5  6  7  8 |
---------------+-------------------------+-----
Fighting       | 3 4 5 7 9 |  9.7
Dodging        | 3 4 5 7 9 |  9.6
Unarmed Combat | 4 5 6 9 10 11 | 11.4

Action                     |  1- 3 |  4- 6 |  7- 9 || total
---------------------------+-------+-------+-------++-------
  Melee: Unarmed           |    19 |     9 |    54 ||    82
         Punch             |       |       |     2 ||     2
 Invoke: Berserk           |       |     1 |       ||     1
    Use: Potion            |       |     4 |       ||     4
   Stab: Sleeping          |     1 |       |       ||     1
 Armour: Animal skin       |    10 |     4 |    32 ||    46
  Dodge: Dodged            |     5 |     2 |    15 ||    22

Table legend: (Time is in decaauts)
 A = Elapsed time spent in this place.
 B = Non-inter-level travel time spent in this place.
 C = Inter-level travel time spent in this place.
 D = Time resting spent in this place.
 E = Time spent auto-exploring this place.
 F = Levels seen in this place.
 G = Mean time per level.
                   A        B        C        D        E       F      G
               +--------+--------+--------+--------+--------+-----+--------+
         Total |    424 |    424 |      0 |     50 |    232 |   1 |  424.0 |
       Dungeon |    424 |    424 |      0 |     50 |    232 |   1 |  424.0 |
               +--------+--------+--------+--------+--------+-----+--------+

Top non-repeatable levels by time:
       D: 424 daAuts
